 Dungeon Crawl Stone Soup version 0.31-a0-851-g7ff8af7976 (webtiles) character file.

Game seed: 17161661879566792403

19217 redmage the Covert (level 12, -2/79 HPs)
             Began as an Octopode Brigand on Sept 28, 2023.
             Was an Elder of Kikubaaqudgha.
             Shot with an arrow by a centaur warrior (13 damage)
             ... on level 2 of the Orcish Mines on Oct 7, 2023.
             The game lasted 01:31:21 (14357 turns).

redmage the Covert (Octopode Brigand)              Turns: 14357, Time: 01:31:21

Health: -2/79      AC:  1    Str: 12    XL:     12   Next: 66%
Magic:  20/24      EV: 21    Int: 19    God:    Kikubaaqudgha [****..]
Gold:   633        SH:  5    Dex: 29    Spells: 12/28 levels left

rFire   + . .        a - +3 dagger (flame)
rCold   + . .        (no shield)
rNeg    + . .        (helmet restricted)
rPois   +            O - amulet of reflection
rElec   .            d - +6 ring of dexterity
rCorr   +            h - ring of protection from cold
SInv    +            M - ring of protection from fire
Will    .....        v - +6 ring of dexterity
Stlth   +++++++      z - ring of resist corrosion
HPRegen 0.33/turn    C - ring of positive energy
MPRegen 0.19/turn    F - +6 ring of intelligence
                     H - ring "Budao" {rPois SInv}

%: reflection
@: no status effects
A: almost no armour, amphibious, 8 rings, camouflage 1, gelatinous body 1,
(nimble swimmer 1), tentacles
a: Renounce Religion, Unearth Wretches


You were on level 2 of the Orcish Mines.
You worshipped Kikubaaqudgha.
Kikubaaqudgha was greatly pleased with you.
You visited 4 branches of the dungeon, and saw 17 of its levels.
You also visited: Ossuary.

You collected 945 gold pieces.
You spent 312 gold pieces at shops.

Inventory:

Hand Weapons
 a - a +3 dagger of flaming (weapon)
 j - a +1 rapier of holy wrath
 p - a +0 morningstar of protection
Missiles
 b - 57 poisoned darts (quivered)
 i - 3 curare-tipped darts
Armour
 D - a +2 buckler
Jewellery
 d - a +6 ring of dexterity (left tentacle)
 h - a ring of protection from cold (right tentacle)
 n - an amulet of regeneration
 v - a +6 ring of dexterity (on tentacle)
 z - a ring of resist corrosion (on tentacle)
 C - a ring of positive energy (on tentacle)
 F - a +6 ring of intelligence (on tentacle)
 H - the ring "Budao" (on tentacle) {rPois SInv}
   (You bought it in a shop on level 4 of the Dungeon)

   [ring of poison resistance]

   rPois:     It protects you from poison SInv: It lets you see invisible.
 K - a ring of protection from cold
 M - a ring of protection from fire (on tentacle)
 N - a ring of fire
 O - an amulet of reflection (around mantle)
Talismans
 g - a beast talisman
Wands
 w - a wand of flame (33)
 A - a wand of polymorph (27)
Scrolls
 f - a scroll of blinking
 k - a scroll of revelation
 s - 9 scrolls of teleportation
 t - 2 scrolls of immolation
 y - a scroll of summoning
 E - a scroll of enchant weapon
 I - a scroll of torment
 J - a scroll of poison
 L - a scroll of enchant armour
Potions
 c - 3 potions of cancellation
 e - 7 potions of curing
 l - 2 potions of magic
 m - 6 potions of mutation
 o - 5 potions of enlightenment
 q - a potion of attraction
 r - 5 potions of brilliance
 u - a potion of ambrosia
 x - a potion of berserk rage
 B - a potion of haste


   Skills:
 - Level 6.0 Fighting
 - Level 8.0 Short Blades
 - Level 2.0 Throwing
 - Level 8.0 Dodging
 - Level 12.0 Stealth
 + Level 8.5 Spellcasting
 + Level 9.3 Necromancy
 + Level 0.1 Ice Magic
 - Level 6.0 Earth Magic
 - Level 2.3 Shapeshifting


You had 12 spell levels left.
You knew the following spells:

 Your Spells              Type           Power      Damage    Failure   Level
a - Sandblast             Erth           60%        2d14      1%          1
b - Animate Dead          Necr           43%        N/A       1%          4
c - Borgnjor's Vile Clut  Necr/Erth      18%        N/A       11%         5
g - Simulacrum            Ice/Necr       13%        N/A       88%         6

Your spell library contained the following spells:

 Spells                   Type           Power      Damage    Failure   Level
 Kiss of Death            Conj/Necr      100%       2d13      1%          1
 Necrotise                Necr           100%       1d9       1%          1
 Cigotuvi's Dreadful Rot  Necr/Pois/Air  38%        N/A       3%          2
 Agony                    Necr           43%        N/A       4%          5
 Summon Small Mammal      Summ           32%        N/A       9%          1
 Wereblood                Tmut           8%         N/A       13%         2
 Anguish                  Hex/Necr       12%        N/A       13%         4
 Call Canine Familiar     Summ           8%         N/A       26%         3
 Summon Guardian Golem    Hex/Summ       8%         N/A       26%         3
 Irradiate                Conj/Tmut      4%         3d13      94%         5
 Haunt                    Necr/Summ      12%        N/A       100%        7
 Infestation              Necr           21%        N/A       100%        8


Dungeon Overview and Level Annotations

Branches:
Dungeon (11/15)            Temple (1/1) D:5            Lair (3/5) D:11
 Shoals (0/4) Lair:3        Snake (0/4) Lair:3          Orc (2/2) D:9
    Elf (0/3) Orc:2       Ossuary (visited)

Altars:
Ashenzari
Cheibriados
Dithmenos
Elyvilon
Fedhas
Gozag
Hepliaklqana
Kikubaaqudgha
Makhleb
Nemelex Xobeh
Okawaru
Qazlal
Ru
Sif Muna
Trog
Uskayaw
Vehumet
Wu Jian
Xom
Yredelemnul
Zin
The Shining One

Shops:
D:2 !   D:3 (   D:4 =

Annotations:
D:4 exclusion: statue
D:10 1 runed translucent door, Nergalle; redmage's ghost, journeyman OpEE
D:11 Lodul
Lair:3 Urug


Innate Abilities, Weirdness & Mutations

You cannot wear most types of armour.
You are amphibious.
You can wear up to eight rings at the same time.
Your skin changes colour to match your surroundings (Stealth+).
Your rubbery body absorbs attacks. (AC +1, EV +1)
((You are camouflaged when in or above water. (Stealth+)))
You have tentacles for arms and can constrict up to eight enemies at once.


Message History

Unknown command.
Throw: 60 darts (poison)
Press: ? - help, Q - select action, (/) - cycle Shift-Dir - straight line, f/p - centaur warrior
Aim: a centaur warrior, wielding a +0 orcbow (moderately wounded, poisoned, constricted by zombie hands, 94% to hit)
You throw a poisoned dart.
The poisoned dart hits the centaur warrior.
The centaur warrior looks even sicker.
The centaur warrior is moderately wounded.
The zombie hands constrict the centaur warrior.
The centaur warrior shoots an arrow.
The arrow closely misses you.
The centaur warrior shoots an arrow.
The arrow closely misses you.
Throw: 59 darts (poison)
Press: ? - help, Q - select action, (/) - cycle Shift-Dir - straight line, f/p - centaur warrior
Aim: a centaur warrior, wielding a +0 orcbow (moderately wounded, very poisoned, constricted by zombie hands, 94% to hit)
You throw a poisoned dart.
The poisoned dart hits the centaur warrior.
The centaur warrior looks even sicker.
The centaur warrior is moderately wounded.
The zombie hands constrict the centaur warrior.
The centaur warrior shoots an arrow.
The arrow misses you.
Unknown command.
Throw: 58 darts (poison)
Press: ? - help, Q - select action, (/) - cycle Shift-Dir - straight line, f/p - centaur warrior
Aim: a centaur warrior, wielding a +0 orcbow (heavily wounded, very poisoned, constricted by zombie hands, 94% to hit)
You throw a poisoned dart.
The poisoned dart hits the centaur warrior.
The centaur warrior looks as sick as possible!
The centaur warrior is heavily wounded.
The zombie hands constrict the centaur warrior!
The centaur warrior shoots an arrow.
The arrow hits you!
* * * LOW HITPOINT WARNING * * *
A centaur comes into view.
An orc warrior comes into view. It is wielding a +0 orcbow.
You hear a shout!
Unknown command.
Unknown command.
The zombie hands release their grip on the centaur warrior.
The centaur warrior shoots an arrow.
The arrow hits you!
You die...
Kikubaaqudgha rasps: "You have failed me!
Welcome... death!"

..... c...............#
........#cc...........#
.......##.............#
..##..##.oc...........#
.....................#
.............#.......##
......................#
.....................##
.....#..........@.....#
.....................##
.#...................#
.....#...............##
.....#................#
.....................##
............##.....###
.#...........#......#
#.#..............#.##


You could see a centaur warrior (extremely poisoned), an orc warrior and a
centaur.

Vanquished Creatures
  4 death yaks (Lair:2)
  A skyshark (Lair:3)
  A molten gargoyle (Lair:2)
  A black mamba (Lair:2)
  5 cane toads
  A kobold demonologist (D:10)
  4 komodo dragons
  2 rime drakes
  A troll (D:11)
  A polar bear (Lair:1)
  2 blink frogs (Lair:3)
  Sigmund (D:6)
  A shadow (D:10)
  A wyvern (Lair:2)
  2 wraiths
  9 yaks
  A basilisk (Lair:2)
  A steam dragon (D:7)
  Menkaure (D:5)
  A warg (Orc:2)
  2 nagas (Lair:3)
  Edmund (D:6)
  3 water moccasins
  4 orc warriors
  2 black bears
  5 wolves (Lair:1)
  4 ogres
  7 centaurs
  3 kobold brigands
  A phantom (D:5)
  An elf zombie (Ossuary)
  9 bullfrogs
  3 gnoll sergeants
  6 scorpions
  25 wights
  10 killer bees
  3 howler monkeys (D:8)
  7 hounds
  A jelly (D:6)
  12 orc priests
  2 sleepcaps
  2 iguanas (D:5)
  8 orc wizards
  A killer bee zombie (D:7)
  3 mummies (Ossuary)
  A howler monkey zombie (D:7)
  17 gnolls
  5 adders
  2 white imps
  3 ufetubi
  4 dart slugs
  66 orcs
  4 ball pythons
  9 endoplasms
  3 giant cockroaches
  9 goblins
  6 hobgoblins
  9 jackals
  4 quokkas
  4 bats
  4 frilled lizards
  3 goblin zombies (Ossuary)
  3 hobgoblin zombies (Ossuary)
  27 kobolds
  4 kobold zombies (Ossuary)
  5 rats
  2 rat zombies (D:4)
360 creatures vanquished.

Vanquished Creatures (collateral kills)
  A cane toad (Lair:2)
  A rime drake (Lair:2)
  A komodo dragon (Lair:1)
  2 blink frogs (Lair:3)
  A yak (Lair:1)
  A wyvern (Lair:2)
  A fire elemental (Lair:2)
  2 water moccasins
  2 wolves (Lair:1)
  A centaur (Lair:3)
  A kobold (D:4)
14 creatures vanquished.

Vanquished Creatures (others)
  A death yak zombie (Lair:2)
  2 yaks (Lair:2)
  A skyshark zombie (Lair:3)
  A rime drake zombie (Lair:1)
  2 bullfrogs (Lair:2)
  A komodo dragon zombie (Lair:2)
  A wyvern zombie (Lair:2)
  A water moccasin zombie (Lair:1)
  8 yak zombies
  A bullfrog zombie (Lair:2)
  A basilisk zombie (Lair:2)
  A centaur zombie (Lair:3)
  A naga zombie (Lair:3)
22 creatures vanquished.

Grand Total: 396 creatures vanquished

Notes
Turn   | Place    | Note
-------+----------+-------------------------------------------
     0 | D:1      | redmage the Octopode Brigand began the quest for the Orb.
     0 | D:1      | Reached XP level 1. HP: 14/14 MP: 1/1
   165 | D:1      | Reached XP level 2. HP: 19/19 MP: 2/2
   348 | D:1      | Reached skill level 6 in Stealth
   487 | D:1      | Reached XP level 3. HP: 24/24 MP: 3/3
   626 | D:1      | Found a faded altar of an unknown god.
  1284 | D:2      | Found Suubbuf's Distillery.
  1312 | D:2      | Reached XP level 4. HP: 29/29 MP: 4/4
  2000 | D:3      | Found an ornate altar of the Wu Jian Council.
  2096 | D:3      | Found Yzuklan's Antique Weapon Shoppe.
  2185 | D:3      | Reached skill level 7 in Stealth
  2185 | D:3      | Reached XP level 5. HP: 34/34 MP: 5/5
  2571 | D:4      | Found a sand-covered staircase.
  2593 | Ossuary  | Entered an ossuary
  2593 | Ossuary  | Noticed a wraith
  2593 | Ossuary  | Noticed a wraith
  2593 | Ossuary  | Noticed a wraith
  2649 | Ossuary  | Reached XP level 6. HP: 39/39 MP: 6/6
  2892 | Ossuary  | Noticed a wraith
  2894 | Ossuary  | Killed a wraith
  2895 | Ossuary  | Reached skill level 8 in Stealth
  3065 | D:4      | Reached XP level 7. HP: 45/45 MP: 7/7
  3109 | D:4      | Found a radiant altar of Vehumet.
  3326 | D:4      | Reached skill level 9 in Stealth
  3382 | D:4      | Found Zoutt's Jewellery Boutique.
  3592 | D:5      | Entered Level 5 of the Dungeon
  3607 | D:5      | Reached skill level 5 in Dodging
  3635 | D:5      | Reached skill level 10 in Stealth
  3635 | D:5      | Reached XP level 8. HP: 50/50 MP: 8/8
  3706 | D:5      | Found a staircase to the Ecumenical Temple.
  3712 | Temple   | Entered the Ecumenical Temple
  3721 | Temple   | Became a worshipper of Kikubaaqudgha
  3822 | D:5      | Found a bloodstained altar of Trog.
  4142 | D:5      | Found a shimmering blue altar of Sif Muna.
  4180 | D:5      | Got a foxed book
  4183 | D:5      | Learned a level 1 spell: Sandblast
  4268 | D:5      | Noticed Menkaure
  4271 | D:5      | Killed Menkaure
  4272 | D:5      | Reached skill level 5 in Short Blades
  4272 | D:5      | Reached skill level 1 in Earth Magic
  4525 | D:6      | Noticed Edmund
  4546 | D:6      | Killed Edmund
  4576 | D:6      | Reached XP level 9. HP: 24/55 MP: 9/9
  4580 | D:6      | Reached * piety under Kikubaaqudgha
  4580 | D:6      | Received a gift from Kikubaaqudgha
  4587 | D:6      | Learned a level 4 spell: Animate Dead
  4824 | D:6      | Noticed Sigmund
  4837 | D:6      | Killed Sigmund
  4841 | D:6      | Reached skill level 11 in Stealth
  5685 | D:7      | Reached ** piety under Kikubaaqudgha
  5807 | D:7      | Reached skill level 1 in Necromancy
  5929 | D:7      | Reached skill level 1 in Spellcasting
  6341 | D:8      | Reached XP level 10. HP: 53/64 MP: 10/12
  6985 | D:8      | Identified the +1 sling of the Healing Penguin {heavy, rN+
                  | rCorr Str+2 Dex+2}
  7093 | D:4      | Bought the ring "Budao" {rPois SInv} for 312 gold pieces
  7564 | D:9      | Noticed a two-headed ogre
  7988 | D:9      | Reached *** piety under Kikubaaqudgha
  7988 | D:9      | Received a gift from Kikubaaqudgha
  8004 | D:9      | Learned a level 5 spell: Borgnjor's Vile Clutch
  8103 | D:9      | Found a staircase to the Orcish Mines.
  8225 | D:10     | Entered Level 10 of the Dungeon
  8227 | D:10     | Reached skill level 1 in Shapeshifting
  8290 | D:10     | Upgraded the game from 0.31-a0-844-gdc52ec4e09 to
                  | 0.31-a0-848-gaac375c287
  8290 | D:10     | Upgraded the game from 0.31-a0-848-gaac375c287 to
                  | 0.31-a0-851-g7ff8af7976
  8388 | D:10     | Noticed Nergalle
  8403 | D:10     | Reached skill level 12 in Stealth
  8506 | D:10     | Reached skill level 5 in Fighting
  8560 | D:10     | Noticed a kobold demonologist
  8563 | D:10     | Killed a kobold demonologist
  8738 | D:10     | Reached **** piety under Kikubaaqudgha
  9142 | D:10     | Found a runed translucent door.
  9144 | D:10     | Noticed redmage's ghost (journeyman OpEE)
  9243 | D:11     | Found a staircase to the Lair.
  9438 | Orc:1    | Entered Level 1 of the Orcish Mines
  9530 | Orc:1    | Reached XP level 11. HP: 57/72 MP: 16/16
  9780 | Orc:2    | Entered Level 2 of the Orcish Mines
  9838 | Orc:2    | Found a staircase to the Elven Halls.
  9904 | Orc:2    | Learned a level 6 spell: Simulacrum
  9951 | Orc:2    | Noticed a centaur warrior
 10270 | D:11     | Noticed a purple ugly thing
 10327 | Lair:1   | Entered Level 1 of the Lair of Beasts
 10439 | D:11     | Noticed Lodul
 10463 | Lair:1   | Reached skill level 5 in Earth Magic
 10636 | Lair:1   | Reached skill level 5 in Necromancy
 10819 | Lair:1   | Reached skill level 5 in Spellcasting
 10941 | Lair:1   | Reached ***** piety under Kikubaaqudgha
 11082 | Lair:1   | Identified the +0 leather armour of Wityji {rElec rF+ Dex+3
                  | Slay+2}
 11323 | Lair:2   | Noticed a death yak
 11323 | Lair:2   | Noticed a death yak
 11368 | Lair:2   | Noticed a death yak
 11368 | Lair:2   | Noticed a death yak
 11874 | Lair:2   | Killed a death yak
 11875 | Lair:2   | Reached XP level 12. HP: 55/79 MP: 19/22
 13115 | Lair:2   | Killed a death yak
 13136 | Lair:2   | Killed a death yak
 13141 | Lair:2   | Killed a death yak
 13426 | Lair:3   | Noticed a skyshark
 13452 | Lair:3   | Killed a skyshark
 13511 | Lair:3   | Found a staircase to the Shoals.
 13835 | Lair:3   | Found a staircase to the Snake Pit.
 14114 | Lair:3   | Noticed Urug
 14309 | Orc:2    | Noticed a centaur warrior
 14357 | Orc:2    | Shot with an arrow by a centaur warrior

Illustrated notes

Levels and vault maps discovered:
D:1:      minmay_arrival_glassed_features, layout_loops_corners,
          hellmonk_ecumenical_altar_zigzags
D:2:      layout_loops_ring, serial_shops, shop, roderic_lattice_a,
          minmay_tromino_v4_c
D:3:      layout_basic, nicolae_wu_jian_wuxing_cycle, serial_shops, shop
D:4:      layout_basic, vehumet_statue, serial_shops,
          nicolae_shop_tiny_real_fake_doors, enter_ossuary_4,
          dreamdust_gnoll_farm
D:5:      layout_basic, led_sif_book, trog_hazing_becter,
          minmay_temple_entry_gardened_gates, serial_bayou_ford_a, minivault_26,
          uniq_menkaure
D:6:      layout_layer_cave, kennysheep_generic_room_10, uniq_edmund,
          uniq_sigmund
D:7:      layout_basic, serial_undead, serial_undead_e, serial_undead_c,
          serial_undead_e, serial_undead_f
D:8:      layout_loops_cross, minivault_21, hangedman_decor_points
D:9:      layout_roguey, orc_0_dummy, minmay_misc_feat_nine_boxes
D:10:     layout_roguey [special_room_orc], ebering_ghost_reflecting_pool,
          dreamdust_princess_corridor, uniq_nergalle
D:11:     layout_basic, lair_entry_dummy, uniq_lodul
Temple:   regret_index_temple_chain_breaker
Lair:1:   layout_gridlike
Lair:2:   layout_gridlike, grunt_megastairs_1
Lair:3:   layout_regular_city, minmay_shoals_entry_centaurs,
          minmay_snake_entry_guardpost_small, serial_bayou_shore_a,
          infiniplex_staircase_pool, uniq_urug, uniq_amaemon
Orc:1:    layout_caves, serial_shops, shop, nicolae_shop_firing_range
Orc:2:    st_orc_rangers, layout_caves, serial_shops,
          nicolae_shop_real_fake_doors, shop

Skill      XL: |  1  2  3  4  5  6  7  8  9 10 11 12 |
---------------+-------------------------------------+-----
Stealth        | 6 7 8 10 11 12 | 12.0
Short Blades   | 3 4 5 7 8 |  8.0
Dodging        | 2 3 5 6 7 8 |  8.0
Earth Magic    | 2 4 6 |  6.0
Fighting       | 4 5 6 |  6.0
Necromancy     | 1 3 7 9 |  9.3
Spellcasting   | 1 3 6 8 |  8.5
Shapeshifting  | 2 |  2.3
Throwing       | |  2.0
Ice Magic      | |  0.1

Action                     |  1- 3 |  4- 6 |  7- 9 | 10-12 || total
---------------------------+-------+-------+-------+-------++-------
  Melee: Dagger            |    61 |    51 |   265 |   598 ||   975
         Constrict         |    15 |    16 |    52 |    94 ||   177
         Tentacles         |    10 |     8 |    62 |   181 ||   261
         Punch             |       |     1 |     2 |    12 ||    15
         Rapier            |       |    27 |       |    44 ||    71
  Throw: Dart              |       |       |    14 |    69 ||    83
         Throwing net      |       |       |       |     2 ||     2
   Cast: Sandblast         |       |       |     6 |    31 ||    37
         Animate Dead      |       |       |       |    13 ||    13
         Borgnjor's Vile C |       |       |       |    19 ||    19
 Invoke: Unearth Wretches  |       |       |       |     3 ||     3
  Evoke: Wand              |       |       |     2 |     6 ||     8
    Use: Scroll            |     3 |    13 |     6 |    11 ||    33
         Potion            |       |       |     7 |     4 ||    11
   Stab: Sleeping          |    21 |    19 |    26 |    23 ||    89
         Distracted        |       |       |     5 |     4 ||     9
         Held in net/web   |       |       |       |     2 ||     2
         Paralysed         |       |       |       |     1 ||     1
 Armour: Skin              |    16 |    22 |    97 |   236 ||   371
  Dodge: Dodged            |    20 |    31 |   152 |   423 ||   626
  Block: Other             |       |       |       |     3 ||     3
         Reflection        |       |       |       |     3 ||     3

Table legend: (Time is in decaauts)
 A = Elapsed time spent in this place.
 B = Non-inter-level travel time spent in this place.
 C = Inter-level travel time spent in this place.
 D = Time resting spent in this place.
 E = Time spent auto-exploring this place.
 F = Levels seen in this place.
 G = Mean time per level.
                   A        B        C        D        E       F      G
               +--------+--------+--------+--------+--------+-----+--------+
         Total |  14047 |  12752 |   1295 |    362 |   8244 |  18 |  780.4 |
       Dungeon |   9460 |   8537 |    923 |    237 |   5795 |  11 |  860.0 |
        Temple |     33 |     17 |     16 |     10 |      0 |   1 |   33.0 |
          Lair |   3768 |   3448 |    320 |     70 |   2090 |   3 | 1256.0 |
  Orcish Mines |    425 |    390 |     35 |     45 |    133 |   2 |  212.5 |
       Ossuary |    358 |    358 |      0 |      0 |    226 |   1 |  358.0 |
               +--------+--------+--------+--------+--------+-----+--------+

Top non-repeatable levels by time:
  Lair:2: 1819 daAuts
     D:9: 1191 daAuts
  Lair:1: 1146 daAuts
     D:1: 1114 daAuts
     D:7: 1095 daAuts
    D:10: 1070 daAuts
     D:6: 884 daAuts
     D:2: 863 daAuts
  Lair:3: 802 daAuts
     D:4: 801 daAuts
     D:5: 798 daAuts
     D:8: 749 daAuts
     D:3: 461 daAuts
    D:11: 429 daAuts
 Ossuary: 358 daAuts
